 Dungeon Crawl Stone Soup version 0.20.1-1-g8b1a95d (webtiles) character file.

25 Monsterracer the Vexing (level 3, 0/21 HPs)
             Began as a Kobold Arcane Marksman on Aug 14, 2017.
             Slain by a goblin
             ... wielding a +2 dagger of venom
              (2 damage)
             ... on level 1 of the Dungeon.
             The game lasted 00:02:42 (627 turns).

Monsterracer the Vexing (Kobold Arcane Marksman)     Turns: 627, Time: 00:02:42

Health: 0/21       AC:  2    Str:  7    XL:     3   Next: 17%
Magic:  4/4        EV: 16    Int: 14    God:
Gold:   46         SH:  0    Dex: 16    Spells: 3/4 levels left

rFire    . . .     SeeInvis .   a - +0 hand crossbow
rCold    . . .     Gourm    .   (shield restricted)
rNeg     . . .     Faith    .   e - +0 robe
rPois    .         Spirit   .   (no helmet)
rElec    .         Reflect  .   (no cloak)
rCorr    .         Harm     .   (no gloves)
MR       .....                  (no boots)
Stlth    ++........             (no amulet)
Regen    0.1/turn               (no ring)
MPRegen  0.1/turn               (no ring)

@: lethally poisoned (0 -> -17)
A: carnivore 3
a: no special abilities


You were on level 1 of the Dungeon.
You were completely stuffed.

You visited 1 branch of the dungeon, and saw 1 of its levels.

You collected 46 gold pieces.

Inventory:

Hand Weapons
 a - a +0 hand crossbow (weapon)
 b - a +0 dagger
Missiles
 d - 12 bolts (quivered)
Armour
 e - a +0 robe (worn)
Scrolls
 h - 3 scrolls of identify {unknown}
 i - a scroll of enchant armour {unknown}
Potions
 g - a potion of resistance {unknown}
Books
 c - a book of Debilitation

   Spells                             Type                      Level
   a - Corona                         Hexes                        1
   b - Slow                           Hexes                        2
   c - Inner Flame                    Hexes/Fire                   3
   d - Portal Projectile              Hexes/Translocation          3
   e - Cause Fear                     Hexes                        4
   f - Leda's Liquefaction            Hexes/Earth                  4
Comestibles
 f - a meat ration


   Skills:
 * Level 2.1 Fighting
 * Level 0.3 Short Blades
 * Level 2.8 Crossbows
 + Level 2.8 Dodging
 * Level 1.1 Stealth
 - Level 1.1 Spellcasting
 - Level 3.0 Hexes


You had 3 spell levels left.
You knew the following spells:

 Your Spells              Type           Power        Failure   Level  Hunger
a - Corona                Hex            #......      8%          1    ##.....


Dungeon Overview and Level Annotations

Branches:
Dungeon (1/15)

Altars:


Innate Abilities, Weirdness & Mutations

You are small and have problems with some larger weapons.
You are carnivorous and can eat meat at any time.


Message History

You feel sick.
The goblin hits you with a dagger of venom.
* * * LOW HITPOINT WARNING * * *
You are more poisoned.
The hobgoblin hits you with a club.
* * * LOW HITPOINT WARNING * * *
Huge Dmg: -33%(-7hp) hp: 34%(7hp)
* * * LOW HITPOINT WARNING * * *
You feel sick.
You see here a bat corpse.
* * * LOW HITPOINT WARNING * * *
You feel sick.
Huge Dmg: -10%(-2hp) hp: 24%(5hp)
* * * LOW HITPOINT WARNING * * *
You feel sick.
Huge Dmg: -9%(-2hp) hp: 15%(3hp)
* * * LOW HITPOINT WARNING * * *
You feel sick.
The goblin hits you with a dagger of venom.
You die...

.##.........#.#....#.# .
....##......#........# .%
..#..#......##.#..#.## ...
..##.#......##......# ...
..##.#......###....## ..#
............####++####...#
.................g†.(....#
.................g..(....#
#....>..#.######@######..#
#.........# #.# .#
#......##.# #.# #
.......##.# #.#
..(.....#.# #.#
#.......#.# #.#
........#.# #>#
.......##.# #.#
..#...###.#


You could see a hobgoblin and a goblin.

Vanquished Creatures
  A dart slug (D:1)
  3 ball pythons (D:1)
  3 giant cockroaches (D:1)
  2 goblins (D:1)
  2 hobgoblins (D:1)
  5 bats (D:1)
  2 kobolds (D:1)
  3 rats (D:1)
21 creatures vanquished.

Vanquished Creatures (others)
  A rat (D:1)
1 creature vanquished.

Grand Total: 22 creatures vanquished

Notes
Turn   | Place    | Note
-------+----------+-------------------------------------------
     0 | D:1      | Monsterracer the Kobold Arcane Marksman began the quest for the Orb.
     0 | D:1      | Reached XP level 1. HP: 12/12 MP: 2/2
   115 | D:1      | Reached XP level 2. HP: 16/17 MP: 3/3
   435 | D:1      | Reached XP level 3. HP: 12/21 MP: 4/4
   572 | D:1      | Reached skill level 1 in Stealth
   623 | D:1      | HP: 9/21 [goblin/dagger of venom (3)]
   626 | D:1      | HP: 3/21 [poisoned by a goblin]
   627 | D:1      | Slain by a goblin

Skill      XL: |  1  2  3 |
---------------+----------+-----
Fighting       | 2 |  2.1
Stealth        | 1 |  1.1
Short Blades   | |  0.3
Crossbows      | |  2.8
Dodging        | |  2.8
Spellcasting   | |  1.1
Hexes          | |  3.0

Action                   || total
-------------------------++-------
Melee: Unarmed           ||    40
       Dagger            ||    40
 Fire: Hand crossbow     ||    18
 Stab: Sleeping          ||     2
  Eat: Chunk             ||     8
Armor: Robe              ||    26
Dodge: Dodged            ||   120
